[Event "Titled Tuesday Blitz March 14 Late 2023"]
[White "Sokolin, Leonid"]
[Black "Kraus, Tomas"]
[WhiteFideId "2009161"]
[BlackFideId "331708"]
[WhiteElo "2394"]
[BlackElo "2389"]
[Result "0-1"]
[Round "02"]
[TimeControl "180+1"]
[Date "2023.03.14"]
[WhiteClock "0:00:55"]
[BlackClock "0:00:09"]

1. e4 e6 2. d4 d5 3. Nc3 Bb4 4. e5 c5 5. Bd2 Ne7 6. a3 Ba5 7. Nb5 Bxd2+ 8. Qxd2 O-O 9. dxc5 Nbc6 10. f4 f6 11. exf6 Rxf6 12. O-O-O a6 13. Nd6 Qc7 14. g4 b6 15. g5 Rf8 16. Bh3 bxc5 17. Nxc8 Qxc8 18. Qe3 Nf5 19. Qxc5 Qb7 20. Rd3 Rac8 21. Qf2 Na5 22. Nf3 Nc4 23. Rb3 Qc7 24. Nd4 Nxd4 25. Qxd4 Rce8 26. Rf1 a5 27. Rbf3 g6 28. Re1 Qd6 29. Qd3 Rf7 30. a4 Rb7 31. b3 Qa3+ 32. Kd1 Nb2+ 33. Kd2 Nxd3 34. Rxd3 Qb4+ 35. Kd1 Rc7 36. Bxe6+ Rxe6 37. Rxe6 Qxf4 38. Rxd5 Qf3+ 0-1


[Site "https://www.chess.com"]

[Event "Titled Tuesday Blitz March 14 Late 2023"]
[White "Subelj, Jan"]
[Black "Vachier-Lagrave, Maxime"]
[WhiteFideId "14618583"]
[BlackFideId "623539"]
[WhiteElo "2474"]
[BlackElo "2740"]
[Result "0-1"]
[Round "02"]
[TimeControl "180+1"]
[Date "2023.03.14"]
[WhiteClock "0:02:08"]
[BlackClock "0:02:11"]

1. d4 Nf6 2. Nf3 g6 3. g3 Bg7 4. Bg2 d5 5. O-O O-O 6. c4 c6 7. cxd5 cxd5 8. Nc3 Nc6 9. Ne5 Bf5 10. Nxc6 bxc6 11. Bf4 Nh5 12. Be3 c5 13. Bxd5 cxd4 14. Bxa8 Qxa8 15. Bxd4 Bh3 16. e4 Rd8 17. Nd5 Rxd5 0-1


[Site "https://www.chess.com"]

[Event "Titled Tuesday Blitz March 14 Late 2023"]
[White "Svane, Frederik"]
[Black "Domingo Nunez, Ruben"]
[WhiteFideId "12923044"]
[BlackFideId "22245570"]
[WhiteElo "2502"]
[BlackElo "2404"]
[Result "1-0"]
[Round "02"]
[TimeControl "180+1"]
[Date "2023.03.14"]
[WhiteClock "0:01:57"]
[BlackClock "0:01:16"]

1. c4 g6 2. Nf3 Bg7 3. g3 d6 4. Bg2 Nf6 5. O-O O-O 6. d4 Nbd7 7. Nc3 c5 8. b3 Rb8 9. Bb2 a6 10. a4 b6 11. Re1 Ne8 12. e4 Nc7 13. Nd5 b5 14. axb5 axb5 15. cxb5 Nxb5 16. Re2 e6 17. Ne3 cxd4 18. Nxd4 Nxd4 19. Bxd4 Ne5 20. Rc1 Ba6 21. Rd2 Qa5 22. Ra1 Qb5 23. Bxe5 Bxe5 24. Bf1 Qb4 25. Rxa6 Qxe4 26. Nc4 Rfc8 27. Nxd6 Bxd6 28. Raxd6 Kg7 29. Qa1+ Kg8 30. Qf6 h5 31. h4 Qf5 32. Rd8+ Rxd8 33. Rxd8+ Rxd8 34. Qxd8+ Kg7 35. Qd4+ Kh7 36. b4 Qe4 37. Qxe4 1-0


[Site "https://www.chess.com"]

[Event "Titled Tuesday Blitz March 14 Late 2023"]
[White "Szente Varga, Fruzsina"]
[Black "Atakhan, Abtin"]
[WhiteFideId "712264"]
[BlackFideId "22502203"]
[WhiteElo "1994"]
[BlackElo "2008"]
[Result "0-1"]
[Round "02"]
[TimeControl "180+1"]
[Date "2023.03.14"]
[WhiteClock "0:00:25"]
[BlackClock "0:00:52"]

1. e4 c5 2. Nf3 d6 3. d4 cxd4 4. Qxd4 Nc6 5. Bb5 Bd7 6. Qd3 g6 7. c4 Bg7 8. Nc3 Nf6 9. O-O O-O 10. h3 a6 11. Bxc6 Bxc6 12. Be3 Rc8 13. Nd4 Qa5 14. a3 Nd7 15. b4 Qc7 16. b5 Ne5 17. Qe2 Bd7 18. Nd5 Qd8 19. Rac1 e6 20. Nb4 Qa5 21. f4 Nxc4 22. Rxc4 Rxc4 23. Qxc4 Qxa3 24. Nbc2 Qa5 25. bxa6 bxa6 26. Ra1 Qd8 27. Rxa6 Qb8 28. Qb4 Qc8 29. Rxd6 e5 30. Nf3 exf4 31. Bxf4 Bxh3 32. Ncd4 Qg4 33. Qd2 Bxg2 34. Qxg2 Qxf4 35. Rd7 Qxe4 36. Qa2 Qg4+ 37. Kf2 Qxd7 0-1


[Site "https://www.chess.com"]

[Event "Titled Tuesday Blitz March 14 Late 2023"]
[White "Tarnowska, Aleksandra"]
[Black "Buchenau, Frank"]
[WhiteFideId "1180967"]
[BlackFideId "4604350"]
[WhiteElo "1776"]
[BlackElo "2157"]
[Result "0-1"]
[Round "02"]
[TimeControl "180+1"]
[Date "2023.03.14"]
[WhiteClock "0:00:01"]
[BlackClock "0:01:27"]

1. e4 e6 2. d4 d5 3. Nd2 Nc6 4. c3 e5 5. exd5 Qxd5 6. Ngf3 exd4 7. Bc4 Qf5 8. O-O Be6 9. Bxe6 fxe6 10. Nxd4 Nxd4 11. cxd4 O-O-O 12. Qa4 Kb8 13. Nf3 Nf6 14. b4 Bd6 15. b5 Nd5 16. Bd2 g5 17. Rfe1 Rdf8 18. Re2 g4 19. Ne5 Bxe5 20. dxe5 h5 21. Rc1 h4 22. b6 axb6 23. Bb4 Qf4 24. Rb1 h3 25. Qb3 hxg2 26. Bxf8 Qxh2# 0-1


[Site "https://www.chess.com"]

[Event "Titled Tuesday Blitz March 14 Late 2023"]
[White "Tica, Sven"]
[Black "Shubin, Kirill"]
[WhiteFideId "14526948"]
[BlackFideId "34119962"]
[WhiteElo "2348"]
[BlackElo "2407"]
[Result "0-1"]
[Round "02"]
[TimeControl "180+1"]
[Date "2023.03.14"]
[WhiteClock "0:01:00"]
[BlackClock "0:01:01"]

1. e4 e6 2. b3 c5 3. Bb2 Nc6 4. Nf3 d6 5. c4 Nf6 6. Nc3 g6 7. d4 cxd4 8. Nxd4 a6 9. Be2 Bg7 10. Nxc6 bxc6 11. e5 dxe5 12. Qxd8+ Kxd8 13. Na4 Nd7 14. O-O-O Kc7 15. Bc3 a5 16. Bf3 Rg8 17. Rhe1 f5 18. Be2 e4 19. Bxg7 Rxg7 20. c5 Ba6 21. Bxa6 Rxa6 22. Rd6 Re7 23. f3 exf3 24. gxf3 e5 25. Kc2 Ra8 26. Red1 Rae8 27. a3 e4 28. fxe4 fxe4 29. b4 axb4 30. axb4 e3 31. Nc3 Ne5 32. Re1 Nf3 33. Re2 Re5 34. Rf6 Nd4+ 35. Kd3 Nxe2 36. Kxe2 Rd8 0-1


[Site "https://www.chess.com"]

[Event "Titled Tuesday Blitz March 14 Late 2023"]
[White "Torres Dominguez, David"]
[Black "Miszler, Levente"]
[WhiteFideId "2220857"]
[BlackFideId "763276"]
[WhiteElo "1999"]
[BlackElo "2176"]
[Result "0-1"]
[Round "02"]
[TimeControl "180+1"]
[Date "2023.03.14"]
[WhiteClock "0:00:03"]
[BlackClock "0:00:13"]

1. e4 c6 2. Nf3 d5 3. d3 g6 4. Be2 Bg7 5. O-O e5 6. Re1 Ne7 7. Bf1 Nd7 8. b3 O-O 9. a4 f5 10. Bb2 d4 11. exf5 Nxf5 12. Nbd2 Qc7 13. Nc4 b5 14. Ncd2 Bb7 15. Ne4 Rae8 16. axb5 cxb5 17. Rxa7 Qb6 18. Rxb7 Qxb7 19. g4 Ne7 20. Nd6 Qc6 21. Nxe8 Rxe8 22. Bg2 Qf6 23. Qd2 Rc8 24. Re2 Nc6 25. Qg5 Qxg5 26. Nxg5 Nb4 27. Ne4 Rxc2 28. Rxc2 Nxc2 29. Nd6 Nb4 30. Nxb5 Nxd3 31. Bd5+ Kh8 32. Ba3 Bf8 33. Bxf8 Nxf8 34. Nd6 Nd7 35. b4 Nxb4 36. Be6 Nc5 37. Bc4 e4 38. Kf1 Kg7 39. Ke2 Kf6 40. h4 Ke5 41. Nf7+ Kf4 42. g5 d3+ 43. Kd2 Kf3 44. Ne5+ Kxf2 45. Bxd3 Nbxd3 46. Ng4+ Kg3 47. Nf6 Kxh4 48. Nxh7 Kh5 49. Nf8 Kxg5 50. Ke3 Kf5 51. Nh7 g5 52. Nf8 g4 53. Nh7 g3 54. Nf8 g2 0-1


[Site "https://www.chess.com"]

[Event "Titled Tuesday Blitz March 14 Late 2023"]
[White "Urquhart, Ed"]
[Black "Hartikainen, Jarmo"]
[WhiteFideId "2603748"]
[BlackFideId "503134"]
[WhiteElo "2184"]
[BlackElo "2182"]
[Result "1-0"]
[Round "02"]
[TimeControl "180+1"]
[Date "2023.03.14"]
[WhiteClock "0:00:18"]
[BlackClock "0:00:14"]

1. e4 c5 2. Nc3 Nc6 3. f4 e6 4. Nf3 d5 5. Bb5 Be7 6. Qe2 h5 7. exd5 exd5 8. Bxc6+ bxc6 9. Ne5 Qc7 10. d3 h4 11. O-O h3 12. g3 Nh6 13. b3 Nf5 14. Bb2 Be6 15. Nd1 d4 16. Re1 O-O-O 17. Nf2 Bd5 18. Ne4 Rh6 19. Qg4 Be6 20. Qf3 Bd5 21. Rac1 Ne3 22. Rxe3 dxe3 23. Qxe3 Bxe4 24. Qxe4 Re6 25. Qf5 Bf6 26. Qxh3 Kb7 27. Re1 Rde8 28. Qg2 Qd6 29. Qf2 Qd5 30. Re4 Bxe5 31. fxe5 f6 32. exf6 gxf6 33. Rxe6 Qxe6 34. Bc3 f5 35. Qxc5 Qe3+ 36. Qxe3 Rxe3 37. Kf2 Re7 38. Kf3 Rf7 39. h4 Kc8 40. Kf4 Kd7 41. h5 Ke6 42. h6 Rh7 43. Bg7 a6 44. c3 a5 45. d4 Rxg7 46. hxg7 Kf7 47. Kxf5 Kxg7 48. Ke6 Kg6 49. Kd6 Kg5 50. Kxc6 Kg4 51. d5 Kxg3 52. d6 1-0


[Site "https://www.chess.com"]

[Event "Titled Tuesday Blitz March 14 Late 2023"]
[White "Volkov, Maksim"]
[Black "Kostiukov, Alexandr"]
[WhiteFideId "54123070"]
[BlackFideId "14108100"]
[WhiteElo "2312"]
[BlackElo "2202"]
[Result "1-0"]
[Round "02"]
[TimeControl "180+1"]
[Date "2023.03.14"]
[WhiteClock "0:00:04"]
[BlackClock "0:00:03"]

1. e4 c5 2. Nf3 g6 3. d4 cxd4 4. Nxd4 Bg7 5. c4 Nf6 6. Nc3 Nc6 7. Be3 O-O 8. Be2 Nxd4 9. Bxd4 Qa5 10. O-O d6 11. f3 Be6 12. Qd2 Rfc8 13. b3 b5 14. Rab1 bxc4 15. b4 Qa3 16. Nb5 Qa4 17. Nc3 Qa3 18. Rfd1 Rab8 19. b5 Nd7 20. Bxg7 Kxg7 21. Kh1 Ne5 22. f4 Nd3 23. Rf1 Qa5 24. f5 Bd7 25. a4 f6 26. fxg6 hxg6 27. Rbd1 Rc5 28. Nd5 Qxd2 29. Rxd2 Ne5 30. Nxe7 Be6 31. Rxd6 Kf7 32. Nd5 Bxd5 33. Rfxf6+ Ke7 34. exd5 Rxd5 35. Rxd5 Kxf6 36. Rc5 Rd8 37. h3 Rd2 38. Bf1 Rd1 39. Kg1 Rc1 40. a5 Ke6 41. Rc7 Rb1 42. a6 Kd6 43. Rxa7 c3 44. Ra8 Nc4 45. Rc8 Ne3 46. Rxc3 Nxf1 47. a7 Nd2+ 48. Kf2 Ra1 49. Rd3+ Ke5 50. Rxd2 Rxa7 51. Rb2 Rb7 52. b6 1-0


[Site "https://www.chess.com"]

[Event "Titled Tuesday Blitz March 14 Late 2023"]
[White "Wang, Alexander J"]
[Black "Filgueiras, Nathan Felipe"]
[WhiteFideId "30955270"]
[BlackFideId "2188562"]
[WhiteElo "2211"]
[BlackElo "2241"]
[Result "0-1"]
[Round "02"]
[TimeControl "180+1"]
[Date "2023.03.14"]
[WhiteClock "0:00:20"]
[BlackClock "0:00:42"]

1. e4 c5 2. Nf3 Nc6 3. d4 cxd4 4. Nxd4 e5 5. Ne2 Nf6 6. Nbc3 Bc5 7. Ng3 O-O 8. Bc4 d6 9. O-O Be6 10. Bd5 Rc8 11. h3 a6 12. Bg5 h6 13. Bxf6 Qxf6 14. a4 Qh4 15. Kh2 Nd4 16. Rc1 Bb4 17. Nce2 Bxd5 18. Nxd4 Bxe4 19. c3 Bc5 20. Nf3 Qf4 21. b4 Bxf3 22. Qxf3 Qxf3 23. gxf3 Ba7 24. Kg2 g6 25. Rfd1 Rfd8 26. Ne4 Bb8 27. c4 Kg7 28. Rd5 f5 29. Nd2 Kf7 30. f4 Ke6 31. Re1 Rxc4 32. Rxd6+ Bxd6 33. Nxc4 e4 34. Rd1 Bc7 35. Rxd8 Bxd8 36. Ne5 g5 37. Ng6 Bc7 38. fxg5 hxg5 39. h4 gxh4 40. Nxh4 b5 41. a5 Bd6 42. Ng6 Bxb4 43. Nf4+ Ke5 44. Ng6+ Kd6 45. Nh4 Ke6 46. Ng6 Bxa5 47. Nf4+ Ke5 48. Ng6+ Kd6 49. Nf4 Bc7 50. Kf1 a5 51. Ke2 b4 52. Kd1 Bb6 53. Kc2 Bxf2 54. Nh3 Be3 55. Kb3 Kc5 56. Ka4 Kc4 57. Kxa5 b3 58. Ka4 b2 59. Nf4 Bxf4 60. Ka5 b1=Q 61. Ka6 Kc5 62. Ka7 Kc6 63. Ka6 Qb6# 0-1


[Site "https://www.chess.com"]

[Event "Titled Tuesday Blitz March 14 Late 2023"]
[White "Weetik, Vjacheslav"]
[Black "Paravyan, David"]
[WhiteFideId "4153472"]
[BlackFideId "4194985"]
[WhiteElo "2469"]
[BlackElo "2577"]
[Result "0-1"]
[Round "02"]
[TimeControl "180+1"]
[Date "2023.03.14"]
[WhiteClock "0:00:01"]
[BlackClock "0:00:13"]

1. d4 Nf6 2. Bf4 g6 3. Nf3 Bg7 4. Nc3 d5 5. e3 O-O 6. Be2 c5 7. dxc5 Qa5 8. Nd2 Qxc5 9. Nb3 Qb6 10. Nb5 Na6 11. Be5 Bd7 12. a4 Bxb5 13. axb5 Nc7 14. Qd4 Ne6 15. Qxb6 axb6 16. O-O Ne4 17. Bxg7 Kxg7 18. Rfd1 Rxa1 19. Rxa1 Rc8 20. c3 N6c5 21. Nxc5 Rxc5 22. Ra7 Nd6 23. f3 e5 24. Kf2 d4 25. exd4 exd4 26. c4 Nxc4 27. b4 Rc7 28. Bxc4 Rxc4 29. Rxb7 Rxb4 30. Rxb6 Kf8 31. Rb7 Rb2+ 32. Kg3 Ke8 33. f4 d3 34. Kf3 Rxg2 35. Rb8+ Ke7 36. Rb7+ Ke6 37. Rb6+ Kd7 38. Rb7+ Kd8 39. Rb6 Kd7 40. Rb7+ Kc8 41. Rb6 Rxh2 42. Rd6 Rb2 43. b6 d2 44. Ke2 f5 45. Rf6 Kd7 46. Rf7+ Kc6 47. Rxh7 Kxb6 48. Rg7 Kc5 49. Rxg6 Kd5 50. Rg2 d1=Q+ 0-1


[Site "https://www.chess.com"]

[Event "Titled Tuesday Blitz March 14 Late 2023"]
[White "Winslow, Elliott"]
[Black "Baches Garcia, Guillermo"]
[WhiteFideId "2002523"]
[BlackFideId "2209764"]
[WhiteElo "2200"]
[BlackElo "2466"]
[Result "1/2-1/2"]
[Round "02"]
[TimeControl "180+1"]
[Date "2023.03.14"]
[WhiteClock "0:01:48"]
[BlackClock "0:01:51"]

1. e4 d5 2. exd5 Qxd5 3. Nc3 Qa5 4. d4 c6 5. Bc4 Bf5 6. Nf3 e6 7. Bd2 Nf6 8. Qe2 Bb4 9. a3 Nbd7 10. O-O Bxc3 11. Bxc3 Qc7 12. Ne5 Nb6 13. Bd3 Bxd3 14. Qxd3 O-O-O 15. Rfd1 Kb8 16. Ba5 Qe7 17. Qb3 Nfd7 18. Nxd7+ Rxd7 19. Bxb6 axb6 20. Qxb6 Rhd8 1/2-1/2


[Site "https://www.chess.com"]

[Event "Titled Tuesday Blitz March 14 Late 2023"]
[White "Xu, Yi"]
[Black "Thomforde-Toates, Noah"]
[WhiteFideId "8605564"]
[BlackFideId "30951992"]
[WhiteElo "2471"]
[BlackElo "2602"]
[Result "0-1"]
[Round "02"]
[TimeControl "180+1"]
[Date "2023.03.14"]
[WhiteClock "0:00:02"]
[BlackClock "0:00:13"]

1. e4 c5 2. Nf3 g6 3. c3 Bg7 4. d4 cxd4 5. cxd4 Nf6 6. e5 Nd5 7. Bc4 Nb6 8. Bb3 d5 9. h3 Nc6 10. Nc3 Bf5 11. O-O O-O 12. Bf4 Na5 13. Rc1 Nxb3 14. axb3 Rc8 15. Qd2 Qd7 16. Rfe1 a6 17. Bh6 f6 18. Qe3 Bxh6 19. Qxh6 g5 20. Re3 Rc6 21. exf6 Rcxf6 22. Qxg5+ Rg6 23. Qxe7 Bxh3 24. Nh4 Rg7 25. Qxd7 Bxd7 26. g3 Rf4 27. Nf3 Bc6 28. Ne2 Re4 29. Rxe4 dxe4 30. Ne5 Bd5 31. Nc3 Bxb3 32. Nxe4 Bd5 33. Nf6+ Kf8 34. Nxd5 Nxd5 35. Rc8+ Ke7 36. Kg2 Kd6 37. Rd8+ Ke6 38. Re8+ Kd6 39. Rd8+ Ke6 40. Kf3 Rc7 41. Re8+ Kd6 42. Rd8+ Ke6 43. Rh8 Rc2 44. Rxh7 Rxb2 45. Rh6+ Ke7 46. Rh7+ Ke6 47. Rh6+ Ke7 48. g4 a5 49. g5 a4 50. g6 Rb3+ 51. Kg4 Rb1 0-1


[Site "https://www.chess.com"]

[Event "Titled Tuesday Blitz March 14 Late 2023"]
[White "Yang, Kevin"]
[Black "Burg, Twan"]
[WhiteFideId "30908485"]
[BlackFideId "1010697"]
[WhiteElo "2055"]
[BlackElo "2422"]
[Result "0-1"]
[Round "02"]
[TimeControl "180+1"]
[Date "2023.03.14"]
[WhiteClock "0:00:06"]
[BlackClock "0:00:55"]

1. d4 Nf6 2. Nc3 d5 3. Bf4 c5 4. e3 cxd4 5. exd4 a6 6. Nf3 Bg4 7. h3 Bxf3 8. Qxf3 Nc6 9. O-O-O e6 10. g4 Rc8 11. g5 Nd7 12. Qe3 Qa5 13. Kb1 Ne7 14. Bd3 Nb6 15. Ne2 Nc4 16. Bxc4 dxc4 17. Nc3 Nd5 18. Nxd5 Qxd5 19. c3 Be7 20. Rhe1 O-O 21. Qe4 Rfd8 22. Qxd5 Rxd5 23. h4 b5 24. Re5 Rcd8 25. Rde1 a5 26. Rxd5 Rxd5 27. Re5 Rxe5 28. Bxe5 f6 29. gxf6 gxf6 30. Bc7 a4 31. h5 Kg7 32. Bf4 e5 33. dxe5 fxe5 34. Bxe5+ Kh6 35. Kc2 Kxh5 36. b3 Kg4 37. bxa4 bxa4 38. Kd2 Kf3 39. Ke1 Bc5 40. Bg3 h5 41. Kf1 Be7 42. Be5 h4 43. Kg1 Bc5 44. Kh2 Bxf2 45. Kh3 Ke4 46. Bf6 Kd3 47. Bg7 Be1 48. Bf6 Bxc3 49. Bxh4 Bd2 50. Kg2 c3 51. Bf6 c2 0-1


[Site "https://www.chess.com"]

[Event "Titled Tuesday Blitz March 14 Late 2023"]
[White "Yeletsky, Ivan"]
[Black "Reprintsev, Alexander"]
[WhiteFideId "24180327"]
[BlackFideId "14100541"]
[WhiteElo "2414"]
[BlackElo "2229"]
[Result "1-0"]
[Round "02"]
[TimeControl "180+1"]
[Date "2023.03.14"]
[WhiteClock "0:00:05"]
[BlackClock "0:00:08"]

1. c4 e6 2. g3 d5 3. Nf3 dxc4 4. Qa4+ Qd7 5. Qxc4 Qc6 6. b3 b5 7. Qxc6+ Nxc6 8. Bg2 Bb7 9. Nc3 a6 10. Ne5 Nd8 11. Bxb7 Nxb7 12. Bb2 f6 13. Nf3 c5 14. a4 b4 15. Na2 e5 16. d3 Ne7 17. Nd2 Nc6 18. e3 O-O-O 19. Ke2 Be7 20. f4 exf4 21. gxf4 Rd7 22. Nc4 Kc7 23. Rhg1 g6 24. Rad1 Rhd8 25. Nc1 Nba5 26. Nd2 f5 27. Nf3 Kb6 28. h4 Rd6 29. Rh1 Rg8 30. Rdg1 Bf6 31. Bxf6 Rxf6 32. h5 Re8 33. Kf2 Rfe6 34. Re1 R8e7 35. Ng5 Rd6 36. hxg6 hxg6 37. Rh8 Red7 38. Ke2 Nxb3 39. Nxb3 Rxd3 40. Rb1 Rc3 41. Ne6 Rdd3 42. Nbxc5 Rxe3+ 43. Kf2 Rf3+ 44. Kg2 Rg3+ 45. Kh2 Rge3 46. a5+ Kb5 47. Rh7 Rxc5 48. Rb7+ Kc4 49. Nxc5 Kxc5 50. Rb6 Re4 51. Rxa6 Nd4 52. Rxg6 Nf3+ 53. Kg3 Nd2 54. Ra1 Nb3 55. Rb1 Nxa5 56. Rg5 Kc4 57. Rxf5 Nb3 58. Rf8 Re3+ 59. Kf2 Re7 60. Rc8+ Nc5 61. Rc1+ Kd3 62. R8xc5 b3 63. R1c3+ Kd4 64. R5c4+ Kd5 65. Rb4 1-0


[Site "https://www.chess.com"]

[Event "Titled Tuesday Blitz March 14 Late 2023"]
[White "Zakhartsov, Vladimir"]
[Black "Wadsworth, Matthew J"]
[WhiteFideId "4145097"]
[BlackFideId "415804"]
[WhiteElo "2521"]
[BlackElo "2330"]
[Result "0-1"]
[Round "02"]
[TimeControl "180+1"]
[Date "2023.03.14"]
[WhiteClock "0:00:02"]
[BlackClock "0:00:08"]

1. c4 e5 2. Nc3 Bb4 3. Nd5 Be7 4. d4 d6 5. Nf3 c6 6. Nc3 exd4 7. Nxd4 Nf6 8. g3 O-O 9. Bg2 Nbd7 10. O-O Nc5 11. b3 a5 12. a3 Re8 13. Bb2 Bf8 14. Qc2 Bg4 15. e4 Qc8 16. Rfe1 Bh3 17. Bh1 h5 18. Rad1 h4 19. b4 axb4 20. axb4 Na6 21. Qb3 Nxb4 22. Qxb4 c5 23. Qb3 cxd4 24. Nb5 hxg3 25. hxg3 Be6 26. Rc1 Nd7 27. Bxd4 Ne5 28. f4 Bxc4 29. Qe3 Nd3 30. Na7 Rxa7 31. Bxa7 Nxe1 32. Qxe1 b5 33. Bd4 Qg4 34. Qe3 Ra8 35. e5 Ra2 36. exd6 Qh3 37. Qf2 Rxf2 38. Bxf2 Bxd6 39. Rd1 Be7 40. Re1 Bf6 41. Re8+ Kh7 0-1


[Site "https://www.chess.com"]

[Event "Titled Tuesday Blitz March 14 Late 2023"]
[White "Zampronha, Wladimir Camilo"]
[Black "Shapiro, Viktor"]
[WhiteFideId "2103087"]
[BlackFideId "4175700"]
[WhiteElo "2176"]
[BlackElo "2152"]
[Result "1-0"]
[Round "02"]
[TimeControl "180+1"]
[Date "2023.03.14"]
[WhiteClock "0:00:16"]
[BlackClock "0:00:26"]

1. e4 Nf6 2. e5 Nd5 3. d4 d6 4. c4 Nb6 5. exd6 cxd6 6. Nc3 g6 7. Be3 Bg7 8. Rc1 O-O 9. b3 f5 10. d5 e5 11. dxe6 Nc6 12. Nf3 f4 13. Bd4 Nxd4 14. Nxd4 Qf6 15. Ndb5 Bxe6 16. Be2 a6 17. Nxd6 Rad8 18. c5 f3 19. Bxf3 Qe5+ 20. Nce4 Bd5 21. O-O Nc8 22. Re1 Nxd6 23. cxd6 Bc6 24. Qc2 Rxf3 25. gxf3 Qf5 26. Qd3 Be5 27. Rcd1 Kg7 28. Ng3 Qf6 29. Ne4 Qf4 30. Ng3 Bxf3 31. Rxe5 Qxe5 32. Qxf3 Rd7 33. Qe3 Qf6 34. Qd4 Qxd4 35. Rxd4 Kf6 36. Kg2 Ke5 37. Re4+ Kd5 38. Re2 Rxd6 39. Rd2+ Kc6 40. Rxd6+ Kxd6 41. Kf3 Kd5 42. Kf4 Kd4 43. Ne4 b5 44. h4 a5 45. Ng5 h6 46. Nf7 g5+ 47. Nxg5 hxg5+ 48. hxg5 Kc3 49. g6 Kb2 50. g7 Kxa2 51. g8=Q b4 52. Qd5 Ka3 53. Qxa5+ Kxb3 54. Qxb4+ Kxb4 55. Ke5 Kc5 56. Ke6 Kc6 57. f4 Kc7 58. Ke7 Kc6 59. f5 Kd5 60. f6 1-0


[Site "https://www.chess.com"]

[Event "Titled Tuesday Blitz March 14 Late 2023"]
[White "Romkachess"]
[Black "Madaminov, Mukhiddin"]
[BlackFideId "14210703"]
[WhiteElo "2576"]
[BlackElo "2511"]
[Result "0-1"]
[Round "02"]
[TimeControl "180+2"]
[Date "2023.03.14"]
[WhiteClock "0:00:14"]
[BlackClock "0:00:07"]

1. e4 e5 2. d4 exd4 3. Qxd4 Nc6 4. Qe3 g6 5. Nc3 Bg7 6. Bd2 Nge7 7. O-O-O O-O 8. Bc4 Na5 9. Bb3 Nxb3+ 10. axb3 f5 11. e5 Nc6 12. f4 Re8 13. h4 d6 14. h5 dxe5 15. hxg6 hxg6 16. Qh3 e4 17. Nge2 Be6 18. Be1 Qf6 19. Bh4 Qf8 20. Bg5 a5 21. Qh7+ Kf7 22. Rh6 Qg8 23. Qxg6+ Kf8 24. Rh7 Ne7 25. Bxe7+ Rxe7 26. Rhh1 a4 27. bxa4 b5 28. g4 b4 29. Nd5 Bxb2+ 30. Kxb2 Qxg6 31. Nxe7 Qf6+ 32. Nd4 Kxe7 33. Rh7+ Kf8 34. g5 Qg6 35. Rh6 Qe8 36. Nxe6+ Ke7 37. Nc5 Qg8 38. Rd7+ Ke8 39. Re6+ Qxe6 40. Nxe6 Kxd7 41. Nd4 Rxa4 42. Nxf5 Ra5 43. Ne3 Ra3 44. Nc4 Rf3 45. Ne5+ Ke6 46. Nc6 Rxf4 47. g6 Rg4 48. Nd8+ Kf6 49. g7 Rxg7 50. Nb7 Ke5 51. Nc5 Kd5 52. Nb3 c5 53. Nc1 e3 54. Ne2 c4 55. Nf4+ Ke4 56. Ne6 Re7 57. Ng5+ Kd5 58. Kb1 e2 59. Kc1 e1=Q+ 60. Kb2 Qc3+ 0-1


[Site "https://www.chess.com"]

[Event "Titled Tuesday Blitz March 14 Late 2023"]
[White "Yuan, Qingyu"]
[Black "Roebers, Eline"]
[WhiteFideId "8609772"]
[BlackFideId "1058401"]
[WhiteElo "2359"]
[BlackElo "2544"]
[Result "1-0"]
[Round "02"]
[TimeControl "180+2"]
[Date "2023.03.14"]
[WhiteClock "0:02:30"]
[BlackClock "0:02:24"]

1. e4 c5 2. Nf3 e6 3. c3 Nf6 4. e5 Nd5 5. g3 Nc6 6. Bg2 d6 7. exd6 Bxd6 8. O-O O-O 9. d4 cxd4 10. Nxd4 Nxd4 11. Qxd4 Nf6 12. Nd2 Qe7 13. Nc4 Bc5 14. Qh4 Rb8 15. Bf4 Ra8 16. b4 1-0


[Site "https://www.chess.com"]

[Event "Titled Tuesday Blitz March 14 Late 2023"]
[White "Postma, Dinant"]
[Black "Christiansen, Johan-Sebastian"]
[WhiteFideId "1018612"]
[BlackFideId "1512668"]
[WhiteElo "2516"]
[BlackElo "2517"]
[Result "0-1"]
[Round "02"]
[TimeControl "180+2"]
[Date "2023.03.14"]
[WhiteClock "0:00:02"]
[BlackClock "0:00:11"]

1. e4 e5 2. Nf3 Nc6 3. Bc4 Nf6 4. d4 exd4 5. O-O Nxe4 6. Re1 d5 7. Bxd5 Qxd5 8. Nc3 Qd7 9. Rxe4+ Be7 10. Nxd4 f5 11. Rf4 O-O 12. Nxc6 Qxc6 13. Qd5+ Qxd5 14. Nxd5 Bd6 15. Rd4 Be6 16. Bf4 Bc5 17. Rc4 Bxd5 18. Rxc5 c6 19. f3 Rfe8 20. Kf2 Kf7 21. h4 h6 22. b3 Kf6 23. Bc1 g5 24. Bb2+ Kg6 25. Rh1 Re7 26. hxg5 hxg5 27. Rh8 Rxh8 28. Bxh8 Rh7 29. Bd4 b6 30. Rc3 c5 31. Be5 Rh1 32. Rd3 Be6 33. Rd7 Bxd7 0-1


[Site "https://www.chess.com"]

[Event "Titled Tuesday Blitz March 14 Late 2023"]
[White "Tanenbaum, Zachary"]
[Black "Kielinkei"]
[WhiteFideId "2060850"]
[WhiteElo "2175"]
[BlackElo "2437"]
[Result "1-0"]
[Round "02"]
[TimeControl "180+2"]
[Date "2023.03.14"]
[WhiteClock "0:00:10"]
[BlackClock "0:00:01"]

1. e4 c5 2. Nf3 e6 3. d4 cxd4 4. Nxd4 Nc6 5. Nc3 Bc5 6. Nb3 Bb4 7. Bd3 Nf6 8. Bd2 d5 9. exd5 Nxd5 10. Nxd5 Bxd2+ 11. Qxd2 Qxd5 12. O-O O-O 13. Rad1 Ne5 14. Qf4 Nxd3 15. Rxd3 Qf5 16. Qxf5 exf5 17. Rfd1 Be6 18. Nd4 Rac8 19. b3 Rfd8 20. c4 Rd6 21. Kf1 Rcd8 22. Ke2 Bc8 23. Nb5 Re8+ 24. Kf1 Rxd3 25. Rxd3 a6 26. Nd6 Rd8 27. Ke2 Kf8 28. Nxc8 Rxc8 29. Rd7 b5 30. Kd3 bxc4+ 31. bxc4 Ke8 32. Rd6 Rb8 33. Kc3 a5 34. Rd5 a4 35. Re5+ Kf8 36. Rxf5 a3 37. Rb5 Re8 38. c5 Re2 39. c6 Re1 40. Kd2 Ra1 41. c7 1-0


[Site "https://www.chess.com"]

[Event "Titled Tuesday Blitz March 14 Late 2023"]
[White "Averjanov, Alexey"]
[Black "DeyanKostov"]
[WhiteFideId "14109867"]
[WhiteElo "2717"]
[BlackElo "2322"]
[Result "1-0"]
[Round "02"]
[TimeControl "180+2"]
[Date "2023.03.14"]
[WhiteClock "0:00:49"]
[BlackClock "0:00:35"]

1. d4 d5 2. c4 dxc4 3. Nf3 Nf6 4. e3 e6 5. Bxc4 a6 6. O-O c5 7. Qe2 Nc6 8. Rd1 cxd4 9. Nxd4 Nxd4 10. exd4 Be7 11. Nc3 O-O 12. d5 exd5 13. Nxd5 Nxd5 14. Bxd5 Qc7 15. Qe4 Bf6 16. Bf4 Qb6 17. Be3 Qxb2 18. Rac1 Qe5 19. Qxe5 Bxe5 20. Bc5 Re8 21. Re1 Bf5 22. Bxb7 Rab8 23. Bxa6 Bb2 24. Rxe8+ Rxe8 25. Rd1 h5 26. Be3 Ra8 27. Bc4 Be6 28. Bb3 Bxb3 29. axb3 Ra3 30. Rb1 Be5 31. b4 Ra8 32. b5 Kf8 33. b6 Ke7 34. b7 Rd8 35. Bc5+ Ke6 36. Re1 Kf6 37. f4 Bxf4 38. Be7+ 1-0


[Site "https://www.chess.com"]

[Event "Titled Tuesday Blitz March 14 Late 2023"]
[White "Cardoso Cardoso, Jose Gabriel"]
[Black "Comas Fabrego, Lluis"]
[WhiteFideId "4430492"]
[BlackFideId "2200325"]
[WhiteElo "2496"]
[BlackElo "2523"]
[Result "1-0"]
[Round "02"]
[TimeControl "180+2"]
[Date "2023.03.14"]
[WhiteClock "0:01:20"]
[BlackClock "0:01:19"]

1. d4 Nf6 2. c4 g6 3. Nc3 d5 4. cxd5 Nxd5 5. e4 Nxc3 6. bxc3 Bg7 7. Bc4 O-O 8. Ne2 c5 9. Be3 Nc6 10. h4 Qa5 11. O-O cxd4 12. cxd4 Qa3 13. Qb3 Qxb3 14. axb3 e6 15. Rfd1 Rd8 16. f3 b6 17. Bb5 Bb7 18. Rac1 Rac8 19. d5 exd5 20. exd5 Nb4 21. Rxc8 Rxc8 22. d6 Rd8 23. d7 a6 24. Bxb6 axb5 25. Bxd8 1-0


[Site "https://www.chess.com"]